 Dungeon Crawl Stone Soup version 0.31.0-9-g3a7656b989 (webtiles) character file.

Game seed: 13716116162947095307

80 qw the Shooter (level 4, -2/25 HPs)
             Began as a Deep Elf Hunter on Feb 2, 2024.
             Slain by a water moccasin (9 damage)
             ... on level 3 of the Dungeon.
             The game lasted 00:00:04 (1298 turns).

qw the Shooter (Deep Elf Hunter)                    Turns: 1298, Time: 00:00:05

Health: -2/25      AC:  3    Str: 14    XL:     4   Next: 18%
Magic:  6/6        EV: 12    Int: 14    God:
Gold:   131        SH:  0    Dex: 20    Spells: 3/3 levels left

rFire   . . .        a - +0 shortbow (flame)
rCold   . . .        (shield currently unavailable)
rNeg    . . .        c - +0 leather armour
rPois   .            (no helmet)
rElec   .            (no cloak)
rCorr   .            (no gloves)
SInv    .            (no boots)
Will    +....        d - amulet "Zory" {Will+ Regen+ Str+4 Dex+2 Stlth+}
Stlth   +++          (no ring)
HPRegen 1.04/turn    (no ring)
MPRegen 0.10/turn

%: no passive effects
@: no status effects
A: no striking features
a: no special abilities


You were on level 3 of the Dungeon.
You visited 1 branch of the dungeon, and saw 3 of its levels.

You collected 131 gold pieces.


   Skills:
 - Level 1.5 Fighting
 + Level 7.6 Ranged Weapons
 - Level 2.4 Dodging
 - Level 1.2 Stealth


You had 3 spell levels left.
You didn't know any spells.
Your spell library was empty.

Inventory:

Hand Weapons
 a - a +0 shortbow of flaming (weapon)
Armour
 b - a +0 scale mail
 c - a +0 leather armour (worn)
Jewellery
 d - the amulet "Zory" (around neck) {Will+ Regen+ Str+4 Dex+2 Stlth+}
   (You acquired it on level 1 of the Dungeon)

   [amulet of regeneration]

   Str+4:     It affects your strength (+4).
   Dex+2:     It affects your dexterity (+2).
   Will+:     It increases your willpower.
   Regen+:    It increases your rate of health regeneration.
   Stlth+:    It makes you more stealthy.
Potions
 e - a potion of mutation
 g - a potion of cancellation

Dungeon Overview and Level Annotations

Branches:
Dungeon (3/15)

Altars:

Shops:
D:1 (


Message History

The water moccasin bites you.
You are poisoned.
The water moccasin poisons you!
You shoot an arrow.
The arrow barely misses the water moccasin.
You feel very sick. The water moccasin bites you. x2
You shoot an arrow.
The arrow barely misses the water moccasin.
You feel sick.
The water moccasin bites you but does no damage.
You shoot an arrow.
The arrow barely misses the water moccasin.
You feel sick. The water moccasin barely misses you.
The water moccasin bites you.
You shoot an arrow. The arrow hits the water moccasin.
The arrow burns the water moccasin.
The water moccasin is heavily wounded.
You feel sick. The water moccasin barely misses you.
You shoot an arrow.
The arrow hits the water moccasin but does no damage.
The water moccasin is heavily wounded.
You feel sick. The water moccasin misses you.
The water moccasin bites you but does no damage.
You shoot an arrow. The arrow hits the water moccasin.
The arrow burns the water moccasin.
The water moccasin is heavily wounded.
You feel sick. The water moccasin bites you.
You shoot an arrow. The arrow misses the water moccasin.
You feel sick.
The water moccasin closely misses you. x2
You shoot an arrow.
The arrow closely misses the water moccasin.
You feel sick.
You are no longer poisoned.
The water moccasin misses you.
You shoot an arrow. The arrow misses the water moccasin.
The water moccasin bites you. The water moccasin closely misses you.
You shoot an arrow. The arrow misses the water moccasin.
The water moccasin bites you!
You die...

### ##.. ###8..
######### #.....
##.......# ...>.
#......#.. #8..
#......#..
###%S########.<....#.#
#....@.............#.#
+..........##.....>#<#
#.....(....###########
...................
.##.........#######
#.........#
.....####### ..#.. ##


You could see a water moccasin.

Vanquished Creatures
  2 adders (D:2)
  A gnoll (D:2)
  A ribbon worm (D:2)
  2 dart slugs
  4 ball pythons
  5 bats
  4 endoplasms
  2 giant cockroaches
  2 goblins (D:1)
  4 hobgoblins
  5 kobolds
  3 quokkas (D:1)
  3 frilled lizards
  7 rats
45 creatures vanquished.

Notes
Turn   | Place    | Note
-------+----------+-------------------------------------------
     0 | D:1      | qw the Deep Elf Hunter began the quest for the Orb.
     0 | D:1      | Reached XP level 1. HP: 12/12 MP: 3/3
     0 | D:1      | 0 ||| qw: Version: 0.3-a-155-g5e7d8dd
     0 | D:1      | 0 ||| qw: Game counter: 2411
     0 | D:1      | 0 ||| qw: Melee chars always use a shield: true
     0 | D:1      | 0 ||| qw: God list: Okawaru
     0 | D:1      | 0 ||| qw: Allow faded altars: false
     0 | D:1      | 0 ||| qw: Do Orc after clearing Dungeon:15 true
     0 | D:1      | 0 ||| qw: Do second Lair branch before Depths: true
     0 | D:1      | 0 ||| qw: Lair rune preference: random
     0 | D:1      | 0 ||| qw: Goals: Normal
     0 | D:1      | 0 ||| PLANNING D:1-11
     3 | D:1      | Found a faded altar of an unknown god.
    61 | D:1      | Reached skill level 6 in Ranged Weapons
    61 | D:1      | Reached XP level 2. HP: 16/16 MP: 4/4
   311 | D:1      | Found Opaaph's Weapon Emporium.
   472 | D:1      | Reached XP level 3. HP: 20/20 MP: 5/5
   589 | D:1      | 589 ||| READING scroll labelled FUUMUF MAMUS.
   590 | D:1      | 590 ||| READING scroll labelled NAKAEL RUDADUF.
   590 | D:1      | 590 ||| BRANDING +0 shortbow.
   591 | D:1      | 591 ||| READING 2 scrolls labelled HIC FI FIKINO.
   591 | D:1      | 591 ||| IDENTIFYING fizzy cyan potion
   592 | D:1      | 592 ||| READING scroll of identify.
   592 | D:1      | 592 ||| IDENTIFYING puce potion
   593 | D:1      | 593 ||| READING scroll labelled GYMNAU KUWNAON.
   593 | D:1      | Identified a scroll of acquirement
   593 | D:1      | 593 ||| ACQUIRING amulet "Zory" {Will+ Regen+ Str+4 Dex+2
                  | Stlth+}
   593 | D:1      | Acquired the amulet "Zory" {Will+ Regen+ Str+4 Dex+2
                  | Stlth+}
   595 | D:1      | 595 ||| UPGRADING to amulet "Zory" {Will+ Regen+ Str+4
                  | Dex+2 Stlth+}.
   600 | D:1      | 600 ||| READING scroll labelled ZAF QUNUHOKI.
   601 | D:1      | 601 ||| DROPPING scroll of butterflies.
   602 | D:1      | 602 ||| DROPPING potion of degeneration.
   765 | D:2      | Reached skill level 7 in Ranged Weapons
  1142 | D:2      | Reached XP level 4. HP: 25/25 MP: 6/6
  1241 | D:2      | 1241 ||| READING scroll of identify.
  1241 | D:2      | 1241 ||| IDENTIFYING fuming cyan potion
  1285 | D:3      | Noticed a water moccasin
  1297 | D:3      | HP: 5/25 [water moccasin (6)]
  1298 | D:3      | Slain by a water moccasin

Levels and vault maps discovered:
D:1:      wander_arrival_peaceful_grave, layout_loops_ring, serial_shops,
          nicolae_diamond_shop, hellmonk_ecumenical_altar_run_dry
D:2:      layout_loops_ring
D:3:      layout_basic, serial_bayou, serial_bayou_shore_a, serial_bayou_pond_a,
          serial_bayou_crossing, serial_bayou_pond_e, st_stairs_6

Skill      XL: |  1  2  3 |
---------------+----------+-----
Ranged Weapons | 6 7 |  7.6
Fighting       | |  1.5
Dodging        | |  2.4
Stealth        | |  1.2

Action                     |  1- 3 |  4- 6 || total
---------------------------+-------+-------++-------
   Fire: Shortbow          |    86 |    23 ||   109
    Use: Scroll            |     6 |     1 ||     7
 Armour: Leather armour    |     8 |     9 ||    17
  Dodge: Dodged            |    10 |     7 ||    17

Table legend:
 A = Non-vault XP
 B = Vault XP
 C = Vault XP percentage of total XP
 D = Non-vault monster count
 E = Vault monster count
 F = Vault count percentage of total count
                 A         B        C        D         E       F
            +---------+---------+-------+---------+---------+-------
      Total |     115 |       0 |   0.0 |      45 |       0 |   0.0
            +---------+---------+-------+---------+---------+-------
        D:1 |      45 |       0 |   0.0 |      26 |       0 |   0.0
        D:2 |      68 |       0 |   0.0 |      17 |       0 |   0.0
        D:3 |       2 |       0 |   0.0 |       2 |       0 |   0.0
            +---------+---------+-------+---------+---------+-------
